 Dungeon Crawl Stone Soup version 0.26.1-2-gb8aa6d0cf2 (webtiles) character file.

Game seed: 10008750788044870502

7442 Elvor the Geomancer (level 11, -1/61 HPs)
             Began as a Gargoyle Earth Elementalist on Mar 26, 2021.
             Was a Believer of Vehumet.
             Slain by a hellwing (4 damage)
             ... on level 2 of the Abyss.
             The game lasted 02:11:32 (11152 turns).

Elvor the Geomancer (Gargoyle Earth Elementalist)  Turns: 11152, Time: 02:11:33

Health: -1/61      AC: 17    Str: 13    XL:     11   Next: 15%
Magic:  19/23      EV: 10    Int: 26    God:    Vehumet [**....]
Gold:   758        SH:  7    Dex: 10    Spells: 6/27 levels left

rFire    + . .     SeeInvis +   E - +7 hunting sling of Oges {vorpal, rC++ Int+8}
rCold    + + .     Faith    .   F - +0 kite shield
rNeg     + . .     Spirit   .   U - +0 steam dragon scales
rPois    ∞         Reflect  .   (no helmet)
rElec    +         Harm     .   c - +0 cloak
rCorr    .         Rampage  .   C - +0 pair of gloves
Will     .....                  m - +0 pair of boots
Stlth    ++........             (no amulet)
HPRegen  0.20/turn              y - ring of see invisible
MPRegen  0.18/turn              R - ring of protection from fire

@: very slightly contaminated
A: negative energy resistance 1, electricity resistance, unbreathing,
petrification resistance, miasma immunity, AC +8
a: Renounce Religion


You were on level 2 of the Abyss.
You worshipped Vehumet.
Vehumet was pleased with you.
You visited 2 branches of the dungeon, and saw 11 of its levels.
You visited the Abyss 1 time.

You collected 758 gold pieces.

Inventory:

Hand Weapons
 d - a +2 dagger of holy wrath
 h - a +3 dagger of venom
 o - a +0 whip
 u - a +2 flail of protection
 E - the +7 hunting sling of Oges (weapon) {vorpal, rC++ Int+8}
   (You found it on level 4 of the Dungeon)

   Any stone fired from it inflicts extra damage.
   It affects your intelligence (+8).
   It greatly protects you from cold.
 G - a +3 short sword
 T - the +5 great sword "Palenil" {flame, Int+8, unknown}
   (You found it on level 10 of the Dungeon)

   It has been specially enchanted to burn those struck by it, causing extra
   injury to most foes and up to half again as much damage against particularly
   susceptible opponents.
   Big, fiery blades are also staple armaments of hydra-hunters.
   It affects your intelligence (+8).
Missiles
 e - 120 bolts
 q - 47 poisoned darts
 r - 15 sling bullets (quivered ammo)
 H - 102 stones
 J - 7 boomerangs
Armour
 c - a +0 cloak (worn)
 m - a +0 pair of boots (worn)
 B - a +2 robe of cold resistance
 C - a +0 pair of gloves (worn)
 F - a +0 kite shield (worn)
 Q - the +0 leather armour of Musukkin {rC++}
   (You found it on level 9 of the Dungeon)

   It greatly protects you from cold.
 U - +0 steam dragon scales (worn)
Magical Staves
 K - an uncursed staff of air
Jewellery
 a - an uncursed ring of ice
 b - an uncursed ring of protection from cold
 y - a ring of see invisible (left hand)
 R - a ring of protection from fire (right hand)
 S - an uncursed amulet of faith {unknown}
Scrolls
 g - a scroll of silence {unknown}
 j - a scroll of teleportation
 k - 2 scrolls of immolation
 t - 2 scrolls of enchant weapon
 w - 2 scrolls of fog
 D - 3 scrolls of amnesia
 L - a scroll of noise {unknown}
 N - a scroll of acquirement {unknown}
Potions
 f - 2 potions of heal wounds {unknown}
 i - a potion of brilliance {unknown}
 l - 2 potions of ambrosia {unknown}
 n - 2 potions of invisibility {unknown}
 p - a potion of mutation {unknown}
 s - 3 potions of flight
 v - 8 potions of curing
 x - a potion of haste {unknown}
 z - 2 potions of degeneration {unknown}
 A - 3 potions of might
 I - 3 potions of resistance {unknown}
 O - a potion of cancellation {unknown}
 P - a potion of lignification {unknown}


   Skills:
 + Level 4.0 Fighting
 + Level 0.1 Short Blades
 + Level 6.8(7.3) Slings
 + Level 3.7(5.7) Throwing
 + Level 3.1 Armour
 + Level 2.5 Dodging
 + Level 3.8 Stealth
 + Level 1.9 Shields
 + Level 8.7 Spellcasting
 + Level 0.4 Conjurations
 + Level 0.8 Translocations
 + Level 1.2 Transmutations
 + Level 10.9 Earth Magic


You had 6 spell levels left.
You knew the following spells:

 Your Spells              Type           Power        Failure   Level
a - Sandblast             Erth           100%         1%          1
b - Passwall              Tmut/Erth      35%          3%          2
c - Stone Arrow           Conj/Erth      80%          9%          3
d - Blink                 Tloc           N/A          28%         2
e - Mephitic Cloud        Conj/Pois/Air  12%          63%         3
f - Petrify               Tmut/Erth      43%          22%         4
g - Lee's Rapid Deconstr  Erth           31%          9%          5
h - Apportation           Tloc           32%          19%         1

Your spell library contained the following spells:

 Spells                   Type           Power        Failure   Level
 Searing Ray              Conj           26%          34%         2
 Beastly Appendage        Tmut           34%          17%         1
 Magic Dart               Conj           52%          24%         1
 Wereblood                Tmut           17%          26%         2
 Animate Skeleton         Necr           22%          28%         1
 Corona                   Hex            12%          28%         1
 Summon Small Mammal      Summ           44%          28%         1
 Call Imp                 Summ           11%          38%         2
 Slow                     Hex            11%          38%         2
 Spider Form              Tmut/Pois      7%           54%         3
 Conjure Flame            Conj/Fire      12%          61%         3
 Ice Form                 Ice/Tmut       14%          91%         4
 Blade Hands              Tmut           8%           99%         5


Dungeon Overview and Level Annotations

Branches:
Dungeon (10/15)            Temple (1/1) D:6            Lair (0/6) D:10
    Orc (0/2) D:9

Altars:
Ashenzari
Cheibriados
Dithmenos
Elyvilon
Fedhas
Gozag
Hepliaklqana
Kikubaaqudgha
Makhleb
Nemelex Xobeh
Okawaru
Qazlal
Ru
Sif Muna
Trog
Uskayaw
Vehumet
Wu Jian
Xom
Yredelemnul
Zin
The Shining One

Shops:
D:5 =[[

Annotations:
D:10 exclusion: 2 oklob plants, Erolcha


Innate Abilities, Weirdness & Mutations

You are resistant to torment.
Your stone body is resilient. (AC +8)
You are immune to poison.
You resist negative energy. (rN+)
You are resistant to electric shocks. (rElec)
You can survive without breathing.
You are immune to petrification.
You are immune to miasma.


Message History

You are very lightly contaminated with residual magic.
Nothing appears to happen.
The small abomination hits you. You block the hellwing's attack.
The hellwing hits you but does no damage.
You block the small abomination's attack.
The small abomination barely misses you.
A spatial vortex comes into view.
You block the small abomination's attack.
Casting: Blink (dangerous; 28% risk of failure)
Confirm with . or Enter, or press ? or * to list all spells.
You blink.
The large abomination hits you!!
* * * LOW HITPOINT WARNING * * *
Casting: Blink (dangerous; 28% risk of failure)
Confirm with . or Enter, or press ? or * to list all spells.
Okay, then.
As you read the scroll of fog, it crumbles to dust.
The scroll dissolves into smoke.
The small abomination hits you but does no damage.
The hellwing hits you.
You die...

...#...#. ## #.
#*#.##.. #.. . #.. .
...... ..##### ##. .
.. ..........#.# ##
.#. #. #3.##...##.#
#. ##
.##..##§.##.#......
.. #.
......§§x§§.#.#..
.... #.
......x4Xxx...#.....
. # .##..##§@##.###
.#.. # # #..
#§§##.##........ ..
.§§... #. ..# ...
............#.# .
#...# ##..##..##.#
#.#. .. #.. #..##..
#... ... ...
......## ... ... ..
.... ##### ## #


You could see a large abomination, a hellwing and 4 small abominations.

Vanquished Creatures
  3 two-headed ogres (D:10)
  An orange demon (Abyss:2)
  Grinder (D:6)
  Sigmund (D:6)
  7 yaks (D:9)
  A wyvern (D:10)
  A chaos spawn (Abyss:2)
  A steam dragon (D:10)
  Edmund (D:6)
  An orc warrior (D:8)
  2 ice beasts (D:4)
  4 phantoms
  3 sky beasts
  2 black bears
  A necrophage (D:4)
  3 ogres
  4 centaurs
  4 bullfrogs
  7 wights (D:6)
  3 bullfrog zombies
  2 quasits
  A hound (D:6)
  A jelly (D:7)
  4 orc priests
  6 orc wizards
  A bullfrog skeleton (D:6)
  2 iguanas
  3 worker ants
  A killer bee zombie (D:10)
  2 small abominations (Abyss:2)
  A hound skeleton (D:5)
  4 gnolls (D:7)
  7 adders
  2 howler monkey skeletons
  2 shadow imps
  6 white imps
  2 ufetubi
  3 oozes
  2 adder zombies (D:8)
  An adder skeleton (D:7)
  2 worms (D:2)
  3 dart slugs
  4 leopard geckos
  24 orcs
  5 bats
  7 giant cockroaches
  7 hobgoblins
  8 jackals
  4 kobolds
  4 quokkas
  2 ball pythons
  3 frilled lizards
  10 goblins
  A leopard gecko skeleton (D:8)
  10 rats
198 creatures vanquished.

Vanquished Creatures (others)
  An orc wizard (D:8)
  A hound zombie (D:6)
  13 plants
15 creatures vanquished.

Grand Total: 213 creatures vanquished

Notes
Turn   | Place    | Note
-------+----------+-------------------------------------------
     0 | D:1      | Elvor the Gargoyle Earth Elementalist began the quest for
                  | the Orb.
     0 | D:1      | Reached XP level 1. HP: 10/10 MP: 3/3
   189 | D:1      | Reached XP level 2. HP: 15/15 MP: 0/5
   192 | D:1      | Learned a level 2 spell: Passwall
   227 | D:1      | Reached skill level 4 in Earth Magic
   355 | D:1      | Reached XP level 3. HP: 18/19 MP: 1/6
  1080 | D:2      | Reached XP level 4. HP: 24/24 MP: 4/7
  1084 | D:2      | Learned a level 3 spell: Stone Arrow
  1121 | D:2      | Found a broken altar of Ashenzari.
  1490 | D:2      | Reached skill level 5 in Earth Magic
  1964 | D:3      | Reached XP level 5. HP: 18/28 MP: 0/9
  2333 | D:4      | Noticed a necrophage
  2356 | D:4      | Killed a necrophage
  2357 | D:4      | Reached skill level 6 in Earth Magic
  2357 | D:4      | Reached XP level 6. HP: 32/32 MP: 3/11
  2436 | D:4      | Got a masterwork hunting sling
  2720 | D:5      | Entered Level 5 of the Dungeon
  2726 | D:5      | Noticed an ice beast
  2731 | D:5      | Noticed an ice beast
  3491 | D:4      | Killed an ice beast
  3492 | D:4      | Reached skill level 1 in Slings
  3492 | D:4      | Reached skill level 1 in Armour
  3830 | D:4      | Killed an ice beast
  3831 | D:4      | Reached XP level 7. HP: 36/36 MP: 6/13
  3911 | D:5      | Found Turer's Antique Armour Emporium.
  4122 | D:5      | Reached skill level 1 in Fighting
  4279 | D:5      | Learned a level 2 spell: Blink
  4283 | D:5      | Learned a level 3 spell: Mephitic Cloud
  4341 | D:5      | Reached skill level 5 in Spellcasting
  4385 | D:5      | Reached skill level 7 in Earth Magic
  4655 | D:5      | Found Palu's Jewellery Shop.
  4722 | D:5      | Found Kystricva's Armour Emporium.
  4831 | D:5      | 5
  5177 | D:6      | Noticed Sigmund
  5409 | D:6      | Noticed Edmund
  5845 | D:6      | Killed Edmund
  5846 | D:6      | Reached skill level 1 in Transmutations
  5846 | D:6      | Reached XP level 8. HP: 29/43 MP: 2/16
  6172 | D:5      | Identified the +7 hunting sling of Oges {vorpal, rC++
                  | Int+8} (You found it on level 4 of the Dungeon)
  6282 | D:6      | Killed Sigmund
  6283 | D:6      | Reached skill level 1 in Throwing
  6572 | D:6      | Noticed Grinder
  6581 | D:6      | Paralysed by Grinder for 7 turns
  6590 | D:6      | Paralysed by Grinder for 3 turns
  6617 | D:6      | Killed Grinder
  6733 | D:6      | Reached XP level 9. HP: 20/48 MP: 16/18
  6843 | D:6      | Found a staircase to the Ecumenical Temple.
  6852 | Temple   | Entered the Ecumenical Temple
  7026 | Temple   | Became a worshipper of Vehumet
  7494 | D:6      | Learned a level 4 spell: Petrify
  7500 | D:6      | Learned a level 5 spell: Lee's Rapid Deconstruction
  7558 | D:7      | Reached skill level 8 in Earth Magic
  8070 | D:7      | Reached * piety under Vehumet
  8070 | D:7      | Offered knowledge of Shock by Vehumet.
  8410 | D:8      | Reached skill level 5 in Slings
  8648 | D:8      | Found a stormy altar of Qazlal.
  8648 | D:8      | Found a basalt altar of Yredelemnul.
  8922 | D:8      | Found a stormy altar of Qazlal.
  9050 | D:9      | Reached XP level 10. HP: 56/56 MP: 11/20
  9162 | D:9      | Reached skill level 9 in Earth Magic
  9405 | D:9      | Got a distressingly furry leather armour
  9448 | D:9      | Identified the cursed +0 leather armour of Musukkin {rC++}
                  | (You found it on level 9 of the Dungeon)
  9497 | D:9      | Found a staircase to the Orcish Mines.
  9623 | D:9      | Reached ** piety under Vehumet
  9632 | D:9      | Offered knowledge of Searing Ray by Vehumet.
  9724 | D:9      | Learned a level 1 spell: Apportation
 10113 | D:10     | Entered Level 10 of the Dungeon
 10135 | D:10     | Got a scorched great sword
 10252 | D:10     | Reached skill level 10 in Earth Magic
 10352 | D:10     | Noticed a two-headed ogre
 10385 | D:10     | Killed a two-headed ogre
 10421 | D:10     | Found a staircase to the Lair.
 10498 | D:10     | Noticed a two-headed ogre
 10524 | D:10     | Killed a two-headed ogre
 10583 | D:10     | Noticed a two-headed ogre
 10591 | D:10     | Killed a two-headed ogre
 10592 | D:10     | Reached XP level 11. HP: 61/61 MP: 19/23
 10673 | D:10     | Noticed an oklob plant
 10673 | D:10     | Noticed an oklob plant
 10731 | D:10     | Noticed Erolcha
 10749 | D:10     | Cast into level 2 of the Abyss (Erolcha)
 10781 | Abyss:2  | Noticed a thrashing horror
 10787 | Abyss:2  | Noticed a wretched star
 10790 | Abyss:2  | Noticed a bone dragon
 10842 | Abyss:2  | Noticed a starcursed mass
 10886 | Abyss:2  | Reached skill level 1 in Shields
 11101 | Abyss:2  | Noticed a starcursed mass
 11114 | Abyss:2  | Noticed a blizzard demon
 11149 | Abyss:2  | Noticed a wretched star
 11151 | Abyss:2  | HP: 3/61 [large abomination (19)]
 11152 | Abyss:2  | Slain by a hellwing

Illustrated notes

.# #.....##.......# #.P♣# .#
#..........†...# #..# .#
##...###.##.##.# #.## .# ##.##
#.##.##.# #.# .# #.# #.##.##.#
#.# .# #.####.##.##.# #.# .#
#.........##.## #.#
.########......#####..######.#
.##.............@.....<.o....#
.##.#####.####.######.########
#.#.#####.# #.............#
##........# #.######.####.#
#.######### #.# #.# #.# .##
#.# #.# #.# ## #.# #.# #.# #.#
#.# #.# #∩# #o# #.#


Turn 4831 on D:5: 5

Levels and vault maps discovered:
D:1:      psy_arrival_radial02, layout_basic, serial_bayou, serial_bayou_pond_e,
          serial_bayou_lake_a, serial_bayou_pond_a, serial_bayou_pond_e,
          serial_bayou_pond_c
D:2:      layout_loops_ring, nicolae_ashenzari_panopticon
D:3:      layout_rooms
D:4:      layout_rooms, kennysheep_generic_room_14
D:5:      layout_loops_ring, serial_bayou, serial_bayou_pond_e,
          serial_bayou_pond_a, serial_bayou_crossing, serial_bayou_shore_b,
          serial_shops, shop, shop, shop
D:6:      layout_basic, lemuel_temple_firewalk_b, serial_glass, glass_columns_c,
          glass_columns_b, glass_columns_a, glass_columns_b, glass_columns_a,
          glass_columns_a, uniq_sigmund, uniq_grinder, uniq_edmund
D:7:      layout_loops_ring
D:8:      layout_cave_pools, gammafunk_temple_overflow_wave,
          grunt_qazlal_sundering
D:9:      layout_loops_corners, orc_0_dummy, amethyst_killhole
D:10:     layout_loops_ring, dpeg_oklobed_lair, dk_vineyard_3, uniq_erolcha
Temple:   regret_index_temple_chain_breaker
Abyss:2:  base: D:1, base: D:4, hangedman_abyss_or_decor_slice,
          hangedman_abyss_exit_choices

Skill      XL: |  1  2  3  4  5  6  7  8  9 10 11 |
---------------+----------------------------------+-----
Earth Magic    | 4 5 6 7 8 10 | 10.9
Spellcasting   | 3 4 5 6 8 |  8.7
Slings         | 1 3 6 |  6.8
Armour         | 1 2 3 |  3.1
Fighting       | 1 2 3 4 |  4.0
Transmutations | 1 |  1.2
Throwing       | 1 2 3 |  3.7
Dodging        | 2 |  2.5
Stealth        | 3 |  3.8
Shields        | 1 |  1.9
Short Blades   | |  0.1
Conjurations   | |  0.4
Translocations | |  0.8

Action                   |  1- 3 |  4- 6 |  7- 9 | 10-12 || total
-------------------------+-------+-------+-------+-------++-------
Melee: Dagger            |    31 |       |     8 |       ||    39
 Fire: Hunting sling     |       |    22 |   221 |    27 ||   270
Throw: Dart              |       |       |    44 |    42 ||    86
 Cast: Sandblast         |    42 |    85 |    91 |    83 ||   301
       Passwall          |     1 |     4 |    13 |       ||    18
       Stone Arrow       |       |    15 |    15 |       ||    30
       Blink             |       |       |     2 |     7 ||     9
       Mephitic Cloud    |       |       |     2 |       ||     2
       Lee's Rapid Decon |       |       |     2 |     2 ||     4
Evoke: Wand              |       |     6 |       |       ||     6
  Use: Scroll            |       |     5 |     4 |     5 ||    14
       Potion            |       |       |       |     1 ||     1
Armor: Robe              |     8 |     1 |    13 |     3 ||    25
       Leather armour    |       |    26 |    61 |     4 ||    91
       Steam dragon scal |       |       |       |    11 ||    11
Dodge: Dodged            |    12 |    30 |    86 |    21 ||   149
Block: Kite shield       |       |       |    10 |    23 ||    33
